 Dungeon Crawl Stone Soup version 0.25.1-2-g60ff931df9 (webtiles) character file.

Game seed: 3460838807223074200

189 Curus the Slasher (level 5, 0/45 HPs)
             Began as a Hill Orc Fighter on July 29, 2020.
             Slain by Sigmund
             ... wielding a +0 scythe
              (3 damage)
             ... on level 3 of the Dungeon.
             The game lasted 00:11:19 (3264 turns).

Curus the Slasher (Hill Orc Fighter)                Turns: 3264, Time: 00:11:20

Health: 0/45       AC: 14    Str: 19    XL:     5   Next: 68%
Magic:  5/5        EV:  3    Int:  8    God:
Gold:   187        SH:  9    Dex: 11    Spells: 4/4 levels left

rFire    . . .     SeeInvis .   a - +1 long sword
rCold    . . .     Gourm    .   c - +0 kite shield
rNeg     . . .     Faith    .   j - +1 plate armour
rPois    .         Spirit   .   i - +2 hat {MR+}
rElec    .         Reflect  .   (no cloak)
rCorr    .         Harm     .   (no gloves)
MR       +....                  (no boots)
Stlth    ..........             (no amulet)
HPRegen  0.15/turn              (no ring)
MPRegen  0.09/turn              (no ring)

@: mighty
A: no striking features
a: no special abilities


You were on level 3 of the Dungeon.
You were not hungry.

You visited 1 branch of the dungeon, and saw 3 of its levels.

You collected 187 gold pieces.

Inventory:

Hand Weapons
 a - a +1 long sword (weapon)
Armour
 b - a +0 scale mail
 c - a +0 kite shield (worn)
 i - a +2 hat of magic resistance (worn)
 j - a +1 plate armour (worn)
Jewellery
 g - an uncursed ring of fire
Scrolls
 e - 2 scrolls of identify
 h - 3 scrolls of remove curse
 n - 2 scrolls of immolation
Potions
 k - a potion of might
Comestibles
 d - 6 chunks of flesh
 f - 5 rations


   Skills:
 - Level 3.6 Fighting
 + Level 6.3 Long Blades
 - Level 3.2 Armour
 - Level 3.2 Shields


You had 4 spell levels left.
You didn't know any spells.
Your spell library contained the following spells:

 Spells                   Type           Power        Failure   Level  Hunger
 Animate Skeleton         Necr           N/A          100%        1    ##.....
 Pain                     Necr           #...         100%        1    ##.....
 Vampiric Draining        Necr           #.........   100%        3    ####...
 Animate Dead             Necr           N/A          100%        4    #####..
 Agony                    Necr           #.......     100%        5    ######.


Dungeon Overview and Level Annotations

Branches:
Dungeon (3/15)

Altars:

Annotations:
D:3 Sigmund


Message History

You hit something.
You hear some strange, mumbled words.
A magic dart appears from out of thin air!
The magic dart hits you.
* * * LOW HITPOINT WARNING * * *
The hobgoblin hits you but does no damage.
You closely miss something.
You hear some strange, mumbled words.
A magic dart appears from out of thin air!
The magic dart hits you but does no damage.
The hobgoblin hits you but does no damage.
You closely miss something. Something hits you but does no damage.
The hobgoblin hits you but does no damage.
You block the hobgoblin's attack.
Your shield and plate armour prevent you from hitting something.
Something hits you.
* * * LOW HITPOINT WARNING * * *
You block the hobgoblin's attack.
You miss something. Something hits you.
You die...

# ##. ## .. .# ..
.# .##.# # ...# ..
#{g#
###.......#.####@.#
.##.......#...)...#
..........######.##
.##.......##.....#
..........##.#####
..#.......##.#
..#..)....##.#
...........#.#
..###.####.#.#


You could see a hobgoblin.

Vanquished Creatures
  A worker ant (D:3)
  Terence (D:2)
  4 gnolls (D:3)
  4 adders
  An ooze (D:2)
  2 dart slugs (D:1)
  2 leopard geckos
  2 orcs (D:3)
  A ball python (D:1)
  8 bats
  7 goblins
  9 hobgoblins
  3 frilled lizards
  12 kobolds
  4 rats (D:2)
61 creatures vanquished.

Notes
Turn   | Place    | Note
-------+----------+-------------------------------------------
     0 | D:1      | Curus the Hill Orc Fighter began the quest for the Orb.
     0 | D:1      | Reached XP level 1. HP: 19/19 MP: 1/1
   127 | D:1      | Reached XP level 2. HP: 26/26 MP: 2/2
   134 | D:1      | Reached skill level 3 in Long Blades
   493 | D:2      | Reached XP level 3. HP: 31/31 MP: 3/3
   570 | D:2      | Reached skill level 4 in Long Blades
  1542 | D:2      | Reached XP level 4. HP: 31/39 MP: 4/4
  2020 | D:2      | Noticed Terence
  2047 | D:2      | Killed Terence
  2047 | D:2      | Reached skill level 5 in Long Blades
  2772 | D:3      | Reached XP level 5. HP: 40/45 MP: 5/5
  3035 | D:3      | Reached skill level 6 in Long Blades
  3234 | D:3      | Noticed Sigmund
  3263 | D:3      | HP: 2/45 [something (2)]
  3264 | D:3      | Slain by Sigmund

Illustrated notes

Levels and vault maps discovered:
D:1:      dpeg_arrival_pond, layout_rooms
D:2:      layout_loops_corners, uniq_terence
D:3:      layout_loops_cross, kennysheep_generic_room_8, uniq_sigmund

Skill      XL: |  1  2  3  4  5 |
---------------+----------------+-----
Long Blades    | 3 4 5 6 |  6.3
Fighting       | |  3.6
Armour         | |  3.2
Shields        | |  3.2

Action                   |  1- 3 |  4- 6 || total
-------------------------+-------+-------++-------
Melee: Long sword        |   131 |   184 ||   315
  Use: Scroll            |     5 |     5 ||    10
       Potion            |     3 |     4 ||     7
  Eat: Chunk             |     2 |     6 ||     8
Armor: Scale mail        |    68 |    16 ||    84
       Plate armour      |       |    92 ||    92
Dodge: Dodged            |    33 |    31 ||    64
Block: Kite shield       |    72 |    85 ||   157
       Rpst.: Long sword |    11 |     9 ||    20
